 Dungeon Crawl Stone Soup version 0.31-a0-466-g98c9adc2b6 (webtiles) character file.

Game seed: 1157775209086936837

118 HallandMoats the Trooper (level 4, -1/37 HPs)
             Began as a Demonspawn Fighter on Aug 5, 2023.
             Slain by a cerulean imp
             ... wielding a +2 spear
             ... summoned by Natasha
              (2 damage)
             ... on level 3 of the Dungeon.
             The game lasted 00:04:07 (2114 turns).

HallandMoats the Trooper (Demonspawn Fighter)       Turns: 2114, Time: 00:04:08

Health: -1/37      AC:  7    Str: 17    XL:     4   Next: 72%
Magic:  6/6        EV:  9    Int: 11    God:
Gold:   1128       SH:  5    Dex: 12    Spells: 3/3 levels left

rFire   . . .        a - +1 war axe
rCold   + . .        c - +1 buckler
rNeg    . . .        b - +0 scale mail
rPois   .            j - +0 helmet
rElec   .            (no cloak)
rCorr   .            (no gloves)
SInv    .            (no boots)
Will    .....        (no amulet) Stlth
                     e - ring of protection from cold
HPRegen 0.26/turn    (no ring)
MPRegen 0.10/turn

%: no passive effects
@: slowed, very slow
A: demonic guardian 1
a: no special abilities


You were on level 3 of the Dungeon.
You visited 1 branch of the dungeon, and saw 3 of its levels.

You collected 1128 gold pieces.

Inventory:

Hand Weapons
 a - a +1 war axe (weapon)
Armour
 b - a +0 scale mail (worn)
 c - a +1 buckler (worn)
 j - a +0 helmet (worn)
Jewellery
 e - a ring of protection from cold (left hand)
 m - an amulet of magic regeneration
Scrolls
 f - 2 scrolls of noise {unknown}
 g - 2 scrolls of identify
 k - a scroll of silence {unknown}
 l - a scroll of blinking {unknown}
 n - a scroll of fog {unknown}
Potions
 d - a potion of might
 h - 2 potions of resistance
 i - a potion of berserk rage {unknown}
 o - a potion of brilliance {unknown}
 p - a potion of curing {unknown}


   Skills:
 + Level 4.0 Fighting
 + Level 2.9 Axes
 - Level 2.6 Armour
 - Level 2.6 Shields
 + Level 3.1 Invocations


You had 3 spell levels left.
You didn't know any spells.
Your spell library contained the following spells:

 Spells                   Type           Power      Damage    Failure   Level
 Poisonous Vapours        Pois/Air       0%         N/A       93%         2
 Mephitic Cloud           Conj/Pois/Air  0%         N/A       99%         3
 Freezing Cloud           Conj/Ice/Air   0%         6-21      100%        5


Dungeon Overview and Level Annotations

Branches:
Dungeon (3/15)

Altars:

Shops:
D:2 [

Annotations:
D:3 Natasha


Innate Abilities, Weirdness & Mutations

A weak demonic guardian rushes to your aid.


Message History

Natasha mumbles some strange words.
Natasha's front paws start to glow.
Natasha claws you but does no damage.
The cerulean imp hits you with a +2 spear.
The cerulean imp hits you from afar with a +2 spear.
Natasha stares at you and mumbles some strange words.
You feel yourself slow down. The cerulean imp barely misses you.
The cerulean imp hits you but does no damage.
You barely miss Natasha.
Natasha is heavily wounded.
You closely miss the cerulean imp.
Natasha mumbles some strange words.
The cerulean imp barely misses you. You block the cerulean imp's attack.
Natasha claws you.
The cerulean imp hits you with a +2 spear.
The cerulean imp closely misses you.
You closely miss Natasha.
Natasha is heavily wounded.
You barely miss the cerulean imp.
Natasha howls an incantation.
You feel disoriented. Natasha claws you.
The cerulean imp hits you but does no damage.
The cerulean imp hits you from afar with a +2 spear.
Natasha claws you!
* * * LOW HITPOINT WARNING * * *
The cerulean imp hits you with a +2 spear.
* * * LOW HITPOINT WARNING * * *
A demonic guardian appears!
You block the cerulean imp's attack.
The cerulean imp hits you from afar with a +2 spear.
* * * LOW HITPOINT WARNING * * *
You barely miss Natasha.
Natasha is heavily wounded.
You hit the cerulean imp. Natasha closely misses you.
The cerulean imp hits you but does no damage. x3
Your iron imp barely misses Natasha.
Natasha extends her claws.
Natasha barely misses you. The cerulean imp barely misses you.
The cerulean imp hits you from afar with a +2 spear.
You die...

#P.P# #..# ##.....##...#
##≈.≈###..# #.......##...
.♣.##≈≈.≈≈###.###....#.#....[.
...P≈≈≈.≈≈≈P#..##...##........
8..................# ##.......
...P≈≈≈.≈≈≈P#..#..## #.......
.♣.##≈≈.≈≈###.##### #.......
..# ##≈.≈###..### #....... ##
#P.P# ##@5.+ ###..... ##[##
#h5## #..... #.. 5.5.# #.....
## .....# #..... #.....#
##+..... #..$... #.......
#....... ##...... #.......#
##..... ######


You could see Natasha (ally target), 3 cerulean imps and a friendly iron imp
(summoned).

Vanquished Creatures
  A gnoll (D:1)
  An adder (D:3)
  An orc (D:3)
  4 endoplasms
  3 giant cockroaches (D:2)
  11 hobgoblins
  8 kobolds
  4 quokkas
  6 ball pythons
  5 bats
  8 frilled lizards (D:1)
  11 goblins
  10 rats
73 creatures vanquished.

Vanquished Creatures (collateral kills)
  Robin (D:3)
  A worm (D:2)
  4 goblins
  A kobold (D:2)
  A ball python (D:2)
8 creatures vanquished.

Grand Total: 81 creatures vanquished

Notes
Turn   | Place    | Note
-------+----------+-------------------------------------------
     0 | D:1      | HallandMoats the Demonspawn Fighter began the quest for the
                  | Orb.
     0 | D:1      | Reached XP level 1. HP: 18/18 MP: 1/1
    98 | D:1      | Reached skill level 1 in Invocations
    98 | D:1      | Gained mutation: A weak demonic guardian rushes to your
                  | aid. [demonic ancestry]
    98 | D:1      | Reached XP level 2. HP: 20/24 MP: 1/3
   611 | D:1      | Reached XP level 3. HP: 28/29 MP: 4/4
   905 | D:2      | Identified a scroll of acquirement
   905 | D:2      | Acquired 960 gold pieces
  1385 | D:2      | Found Riyjees's Antique Armour Boutique.
  1541 | D:3      | Noticed Robin
  1550 | D:3      | Reached XP level 4. HP: 10/37 MP: 5/5
  1570 | D:3      | HP: 1/37 [Robin/+0 club (2)]
  1571 | D:3      | Killed Robin
  1763 | D:3      | Reached skill level 4 in Fighting
  2105 | D:3      | Noticed Natasha
  2113 | D:3      | HP: 1/37 [cerulean imp/+2 spear[Natasha] (3)]
  2114 | D:3      | Slain by a cerulean imp

Illustrated notes

Levels and vault maps discovered:
D:1:      erik_arrival_blinker_ship, layout_basic, minmay_tree_intersection,
          minmay_lizard_king
D:2:      layout_basic, serial_shops, nicolae_shop_statue_plus
D:3:      layout_rooms, nicolae_overflow_ecumenical_swirl,
          mainiacjoe_overflow_divided_tiny, minmay_curled_crystal,
          columned_hall_lemuel, corexii_item_surrounded_by_moat, dk_vineyard_1,
          minmay_door_square, dreamdust_princess_bridge, uniq_natasha,
          uniq_robin

Skill      XL: |  1  2  3  4 |
---------------+-------------+-----
Axes           | 2 |  2.9
Invocations    | 1 2 3 |  3.1
Fighting       | 4 |  4.0
Armour         | |  2.6
Shields        | |  2.6

Action                     |  1- 3 |  4- 6 || total
---------------------------+-------+-------++-------
  Melee: War axe           |   123 |    45 ||   168
    Use: Scroll            |     5 |       ||     5
 Armour: Scale mail        |    98 |    24 ||   122
  Dodge: Dodged            |    68 |    38 ||   106
  Block: Buckler           |    48 |     8 ||    56

Table legend: (Time is in decaauts)
 A = Elapsed time spent in this place.
 B = Non-inter-level travel time spent in this place.
 C = Inter-level travel time spent in this place.
 D = Time resting spent in this place.
 E = Time spent auto-exploring this place.
 F = Levels seen in this place.
 G = Mean time per level.
                   A        B        C        D        E       F      G
               +--------+--------+--------+--------+--------+-----+--------+
         Total |   2185 |   2134 |     51 |    119 |   1395 |   3 |  728.3 |
       Dungeon |   2185 |   2134 |     51 |    119 |   1395 |   3 |  728.3 |
               +--------+--------+--------+--------+--------+-----+--------+

Top non-repeatable levels by time:
     D:1: 929 daAuts
     D:2: 662 daAuts
     D:3: 593 daAuts
